 Dungeon Crawl Stone Soup version 0.21-a0-521-g1cd18d1 (webtiles) character file.

7749 Gerstahl the Thaumaturge (level 11, -6/81 HPs)
             Began as a Demonspawn Transmuter on Dec 5, 2017.
             Mangled by a spiny frog (11 damage)
             ... on level 8 of the Dungeon.
             The game lasted 00:30:51 (12341 turns).

Gerstahl the Thaumaturge (Demonspawn Transmuter)   Turns: 12341, Time: 00:30:52

Health: -6/81      AC: 11    Str:  7 (11) XL:     11   Next: 0%
Magic:  23/23      EV: 21    Int:  9 (16) God:    Xom [*.....]
Gold:   504        SH:  0    Dex: 15 (18) Spells: 21/27 levels left

rFire    + . .     SeeInvis +     - Unarmed
rCold    + . .     Gourm    .   (no shield)
rNeg     . . .     Faith    .   b - +1 robe
rPois    +         Spirit   .   (helmet unavailable)
rElec    .         Reflect  .   m - +2 cloak
rCorr    .         Harm     .   (no gloves)
MR       .....                  (boots currently unavailable)
Stlth    ++........             (no amulet)
HPRegen  0.23/turn              k - ring of see invisible
MPRegen  0.18/turn              (no ring)

@: agile, appendage, hasted, very quick
A: horns 3, talons 3, icy blue scales 3, deterioration 1, fire resistance 1,
poison resistance, powered by pain 1, shaggy fur 1, weak 1, wild magic 1,
evolution 1
a: End Transformation, Renounce Religion


You were on level 8 of the Dungeon.
You worshipped Xom.
You were a special plaything of Xom.
You were not hungry.
You had grown temporary talons.
You visited 3 branches of the dungeon, and saw 11 of its levels.

You collected 504 gold pieces.

Inventory:

Missiles
 a - 49 arrows
Armour
 b - a +1 robe (worn)
 m - a +2 cloak (worn)
Jewellery
 k - a ring of see invisible (left hand)
 n - an uncursed amulet of guardian spirit
Wands
 g - a wand of enslavement (10)
 t - a wand of clouds (1)
 u - a wand of flame (44)
 x - a wand of polymorph (9)
Scrolls
 e - a scroll of enchant weapon
 f - 11 scrolls of identify
 i - 4 scrolls of teleportation
 j - 2 scrolls of amnesia
 o - 4 scrolls of remove curse
 r - a scroll of blinking
 s - 2 scrolls of fear
 w - a scroll of magic mapping {unknown}
Potions
 l - a potion of brilliance {unknown}
 q - a potion of resistance
Books
 c - a book of Changes

   Spells                             Type                      Level
   a - Beastly Appendage              Transmutation                1
   b - Sticks to Snakes               Transmutation                2
   c - Spider Form                    Transmutation/Poison         3
   d - Ice Form                       Ice/Transmutation            4
   e - Blade Hands                    Transmutation                5
 z - a book of Enchantments

   Spells                             Type                      Level
   a - Cause Fear                     Hexes                        4
   b - Yara's Violent Unravelling     Hexes/Transmutation          5
   c - Silence                        Hexes/Air                    5
   d - Deflect Missiles               Charms/Air                   6
   e - Discord                        Hexes                        8
 C - a book of Cantrips

   Spells                             Type                      Level
   a - Confusing Touch                Hexes                        1
   b - Animate Skeleton               Necromancy                   1
   c - Summon Small Mammal            Summoning                    1
   d - Apportation                    Translocation                1
Comestibles
 d - 8 bread rations
 p - 4 meat rations


   Skills:
 - Level 6.2 Fighting
 + Level 6.5 Dodging
 - Level 6.3 Unarmed Combat
 + Level 8.6 Spellcasting
 + Level 8.6 Transmutations


You had 21 spell levels left.
You knew the following spells:

 Your Spells              Type           Power        Failure   Level  Hunger
a - Beastly Appendage     Tmut           ####..       1%          1    None
b - Blade Hands           Tmut           ####......   21%         5    ######.


Dungeon Overview and Level Annotations

Branches:
Dungeon (9/15)             Temple (1/1) D:4            Lair (1/6) D:8
    Orc (0/2) D:9

Altars:
Ashenzari
Cheibriados
Dithmenos
Elyvilon
Fedhas
Gozag
Hepliaklqana
Kikubaaqudgha
Makhleb
Nemelex Xobeh
Okawaru
Qazlal
Ru
Sif Muna
Trog
Uskayaw
Vehumet
Wu Jian
Xom
Yredelemnul
Zin
The Shining One

Annotations:
D:7 5 runed doors


Innate Abilities, Weirdness & Mutations

You have a pair of large horns on your head.
You are completely covered in icy blue scales. (AC +4, rC+)
You sometimes gain a little power by taking damage.
You have claws for feet.
Your body sometimes deteriorates upon taking damage.
Your flesh is heat resistant. (rF+)
Your system is resistant to poisons. (rPois)
You are covered in fur. (AC +1)
You are weak. (Str -2)
Your spells are a little harder to cast, but a little more powerful.
You evolve.


Message History

The naga changes into a basilisk!
There is an open door here.
You feel better. Xom's power touches on you.
Nothing appears to happen.
The spiny frog closely misses you.
Casting: Beastly Appendage
Confirm with . or Enter, or press ? or * to list all spells.
You extend your transformation's duration.
The spiny frog stings you!! The spiny frog completely misses you.
You feel yourself speed up. The spiny frog stings you!!
* * * LOW HITPOINT WARNING * * *
Xom is amused.
A shower of butterflies erupts from you!
You focus on the pain.
You feel your power returning.
You hit the spiny frog but do no damage.
You claw the spiny frog. You headbutt the spiny frog.
The spiny frog is heavily wounded.
The spiny frog stings you!
You die...
Xom giggles madly!

.....# #..########)###.#.........
.....# #..........)..#.#.........
.....# #.#########.#.#.#.........
.....###.......###...#.#.#####'#.
......###...###..................
......##.....######......####.##.
#######.......#'..'......'.....#.
##.......#####......####..#.
#.......blF@.bb........#..#.
######.........####.......#.#..#.
..........>...............#.#..#)
).....................#...#.#..#)
..........................'....#.
###...#.......#(######....###..)!
#...#.......#[# #....###....
#.(.##.....##)# #...........
#...###...###.# #.###.......


You could see a spiny frog and a basilisk shaped shifter.

Vanquished Creatures
  A two-headed ogre (D:8)
  A gargoyle (D:8)
  A komodo dragon (D:9)
  The ghost of anet the Magician, a novice DEWz (D:6)
  The ghost of Megalobster the Chopper, an amateur DDFi (D:5)
  The ghost of braks the Skirmisher, an amateur HOSk (D:4)
  Grinder (D:4)
  A hippogriff (D:8)
  A yak (D:8)
  A basilisk (D:8)
  Eustachio (D:4)
  A wyvern (D:9)
  A black bear (D:6)
  4 ice beasts
  2 phantoms (D:8)
  4 orc warriors
  2 sky beasts
  An eye of draining (D:9)
  A boggart (D:6)
  The ghost of Gerstahl the Twirler, an amateur DsGl (D:3)
  3 ogres (D:5)
  6 centaurs
  2 crocodiles
  3 bullfrogs
  A wyvern skeleton (D:6)
  4 scorpions
  2 howler monkeys
  4 crimson imps
  A centaur zombie (D:4)
  A bullfrog zombie (D:8)
  A quasit (D:8)
  5 hounds
  2 jellies
  12 orc wizards
  A centaur skeleton (D:5)
  5 orc priests
  Crazy Yiuf (D:6)
  4 iguanas
  7 worker ants
  A killer bee zombie (D:6)
  11 adders
  2 oozes
  An adder skeleton (D:4)
  3 worms
  5 leopard geckos
  30 orcs
  A ball python (D:6)
  6 giant cockroaches
  5 goblins
  6 hobgoblins
  9 jackals
  4 quokkas
  3 bats (D:3)
  2 frilled lizards (D:1)
  5 kobolds
  9 rats
196 creatures vanquished.

Vanquished Creatures (collateral kills)
  An orc warrior (D:8)
  An orc priest (D:8)
  An orc (D:8)
3 creatures vanquished.

Vanquished Creatures (others)
  Erolcha (D:9)
  An unseen horror (D:8)
  2 orcs (D:8)
  A fungus (D:8)
5 creatures vanquished.

Grand Total: 204 creatures vanquished

Notes
Turn   | Place    | Note
-------+----------+-------------------------------------------
     0 | D:1      | Gerstahl the Demonspawn Transmuter began the quest for the Orb.
     0 | D:1      | Reached XP level 1. HP: 15/15 MP: 3/3
   893 | D:1      | Gained mutation: You have a pair of small horns on your head. [demonic ancestry]
   893 | D:1      | Reached XP level 2. HP: 20/21 MP: 5/5
  1229 | D:2      | Gained mutation: You sometimes gain a little power by taking damage. [demonic ancestry]
  1229 | D:2      | Reached XP level 3. HP: 18/27 MP: 4/6
  1792 | D:3      | Reached XP level 4. HP: 27/35 MP: 7/7
  2040 | D:3      | Noticed a sky beast
  2102 | D:3      | Killed a sky beast
  2102 | D:3      | Reached XP level 5. HP: 25/42 MP: 8/8
  2247 | D:3      | Gained mutation: You are occasionally teleported next to monsters. [mutagenic meat]
  2248 | D:3      | Gained mutation: You evolve. [mutagenic meat]
  2249 | D:3      | Gained mutation: You have a pair of horns on your head. [mutagenic meat]
  2262 | D:3      | Noticed Gerstahl's ghost (amateur DsGl)
  2280 | D:3      | Killed Gerstahl's ghost
  2280 | D:3      | Reached XP level 6. HP: 22/49 MP: 9/9
  2583 | D:3      | Found a faded altar of an unknown god.
  3055 | D:4      | Found a radiant altar of Vehumet.
  3068 | D:4      | Reached skill level 5 in Unarmed Combat
  3070 | D:4      | Found a hazy altar of Hepliaklqana.
  3073 | D:4      | Found a sparkling altar of Nemelex Xobeh.
  3076 | D:4      | Found a hide-covered altar of Uskayaw.
  3174 | D:4      | Noticed Eustachio
  3218 | D:4      | Killed Eustachio
  3218 | D:4      | Reached skill level 5 in Fighting
  3218 | D:4      | Gained mutation: You are partially covered in icy blue scales. (AC +2) [demonic ancestry]
  3218 | D:4      | Reached XP level 7. HP: 29/56 MP: 10/10
  3579 | D:4      | Found a staircase to the Ecumenical Temple.
  3773 | D:4      | Noticed Grinder
  3848 | Temple   | Entered the Ecumenical Temple
  3887 | Temple   | Became a worshipper of Xom the Tricky
  4102 | D:4      | XOM: harmless Summ miscast
  4107 | D:4      | XOM: swap monsters
  4118 | D:5      | XOM: noise
  4118 | D:5      | Entered Level 5 of the Dungeon
  4166 | D:4      | XOM: enchant monster (bad)
  4167 | D:4      | Killed Grinder
  4273 | D:4      | XOM: summons 3 hostile demons
  4274 | D:4      | Noticed a soul eater
  4276 | D:5      | XOM: severe Air miscast
  4287 | D:5      | Noticed Megalobster's ghost (amateur DDFi)
  4289 | D:5      | XOM: give mutation
  4289 | D:5      | Gained mutation: Your system is resistant to poisons. (rPois) [Xom's mischief]
  4290 | D:5      | Found a basalt altar of Yredelemnul.
  4294 | D:5      | Found a shadowy altar of Dithmenos.
  4331 | D:4      | XOM: summons 2 hostile shadow creatures
  4394 | D:3      | XOM: severe Tmut miscast
  4599 | D:4      | Noticed braks's ghost (amateur HOSk)
  4611 | D:4      | Killed braks's ghost
  4611 | D:4      | Gained mutation: You are mostly covered in icy blue scales. (AC +3) [demonic ancestry]
  4611 | D:4      | Reached XP level 8. HP: 52/64 MP: 10/12
  4639 | D:5      | XOM: summons 4 hostile demons
  4640 | D:5      | Noticed a sun demon
  4640 | D:5      | Noticed an orange demon
  4883 | D:5      | XOM: smoke on damage
  4890 | D:5      | HP: 3/64 [ogre/giant club (5)]
  4934 | D:5      | XOM: scenery: create altars
  5090 | D:5      | XOM: 4-stop teleportation journey
  5195 | D:5      | XOM: scenery: create altars
  5306 | D:5      | XOM: cloud trail
  5329 | D:5      | XOM: confuse monster(s)
  5610 | D:5      | XOM: cleaving
  5804 | D:5      | XOM: give mutation
  5804 | D:5      | Gained mutation: Your muscles are strong. (Str +2) [Xom's grace]
  5861 | D:5      | XOM: divination: detect creatures
  5881 | D:5      | XOM: cleaving
  5884 | D:5      | XOM: summons 5 friendly demons
  5892 | D:5      | Killed Megalobster's ghost
  5933 | D:5      | Found a snail-covered altar of Cheibriados.
  5933 | D:5      | Found an opulent altar of Gozag.
  5947 | D:5      | Reached skill level 5 in Spellcasting
  5947 | D:5      | Reached skill level 5 in Transmutations
  6121 | D:5      | XOM: summons 1 hostile shadow creature
  6196 | D:6      | Mutation became permanent: You have a pair of small horns on your head. [demonic ancestry]
  6196 | D:6      | Gained mutation: You have a pair of horns on your head. [demonic ancestry]
  6196 | D:6      | Reached XP level 9. HP: 42/69 MP: 15/17
  6389 | D:6      | XOM: harmless Chrm miscast
  6486 | D:6      | Learned a level 5 spell: Blade Hands
  6490 | D:6      | Found a sacrificial altar of Ru.
  6532 | D:6      | Noticed anet's ghost (novice DEWz)
  6536 | D:6      | XOM: scenery: 2 doors close
  6546 | D:6      | XOM: confuse monster(s)
  6575 | D:6      | Killed anet's ghost
  6620 | D:6      | XOM: god gift: runed plate armour {god gift}
  6683 | D:6      | XOM: god gift: papyrus book {god gift}
  6690 | D:6      | XOM: enchant monster (good)
  6935 | D:6      | XOM: polymorph worker ant -> boggart
  7073 | D:6      | Found a burning altar of Makhleb.
  7077 | D:6      | Noticed an Executioner
  7078 | D:6      | Found a glowing silver altar of Zin.
  7078 | D:6      | Noticed an angel
  7215 | D:6      | Found a runed door.
  7446 | D:6      | XOM: cast spell 'Alistair's Intoxication'
  7707 | D:6      | Gained mutation: You have sharp fingernails. [evolution]
  7732 | D:6      | Noticed Crazy Yiuf
  7738 | D:6      | XOM: cast spell 'Summon Ice Beast'
  7741 | D:6      | Killed Crazy Yiuf
  7759 | D:6      | XOM: harmless Air miscast
  7776 | D:6      | XOM: divination: detect items
  7927 | D:7      | Found a runed gate.
  7927 | D:7      | Found a runed gate.
  7927 | D:7      | Found a runed gate.
  7938 | D:7      | Found a runed door.
  7947 | D:7      | Found a runed door.
  7949 | D:7      | Found the +9 staff of Olgreb {rPois}
  8020 | D:7      | XOM: potion effect (heal wounds)
  8263 | D:7      | XOM: potion effect (heal wounds)
  8264 | D:7      | XOM: harmless Summ miscast
  8358 | D:7      | XOM: potion effect (agility)
  8609 | D:8      | XOM: silly message
  8632 | D:8      | Noticed a two-headed ogre
  8632 | D:8      | Noticed a gargoyle
  8643 | D:8      | Killed a gargoyle
  8643 | D:8      | Gained mutation: You are completely covered in icy blue scales. (AC +4, rC+) [demonic ancestry]
  8643 | D:8      | Reached XP level 10. HP: 63/76 MP: 20/20
  8644 | D:8      | Killed a two-headed ogre
  8697 | D:8      | XOM: potion effect (might)
  8700 | D:8      | Reached skill level 5 in Dodging
  8702 | D:8      | Found a staircase to the Lair.
  8823 | D:8      | Found a blossoming altar of Fedhas.
  9332 | D:8      | XOM: mild Tloc miscast
  9335 | D:8      | XOM: destruction
  9365 | D:8      | XOM: cloud trail
  9451 | D:8      | XOM: scenery: 1 doors open, 1 doors close
  9464 | D:8      | Killed an unseen horror
  9657 | D:8      | Lost mutation: You have sharp fingernails. [potion of mutation]
  9657 | D:8      | Lost mutation: Your muscles are strong. (Str +2) [potion of mutation]
  9657 | D:8      | Lost mutation: You are occasionally teleported next to monsters. [potion of mutation]
  9657 | D:8      | Gained mutation: Your body sometimes deteriorates upon taking damage. [potion of mutation]
  9657 | D:8      | Gained mutation: You are weak. (Str -2) [potion of mutation]
  9657 | D:8      | Gained mutation: You have a pair of large horns on your head. [potion of mutation]
  9815 | D:8      | Gained mutation: Your spells are a little harder to cast, but a little more powerful. [evolution]
 10028 | D:8      | XOM: divination: magic mapping
 10157 | D:8      | XOM: blink monster(s)
 10543 | Lair:1   | Entered Level 1 of the Lair of Beasts
 10561 | Lair:1   | XOM: give mutations
 10561 | Lair:1   | Gained mutation: You are covered in fur. (AC +1) [Xom's grace]
 10561 | Lair:1   | Gained mutation: Your flesh is heat resistant. (rF+) [Xom's grace]
 10597 | Lair:1   | XOM: scenery: create altars
 10657 | Lair:1   | XOM: noise
 10660 | Lair:1   | Noticed a spiny frog
 10661 | Lair:1   | XOM: polymorph porcupine -> swamp drake
 10682 | D:8      | XOM: god gift: 4 meat rations
 10879 | D:9      | XOM: divination: magic mapping
 10901 | D:9      | XOM: god gift: potion of resistance
 10942 | D:9      | XOM: cast spell 'Cause Fear'
 11189 | D:9      | XOM: harmless Ice miscast
 11393 | D:9      | Found a staircase to the Orcish Mines.
 11431 | D:9      | XOM: polymorph hound -> centaur
 11488 | D:9      | Found a bloodstained altar of Trog.
 11488 | D:9      | Noticed Erolcha
 11489 | D:9      | XOM: polymorph eye of draining -> komodo dragon
 11510 | D:9      | Killed Erolcha
 11510 | D:9      | XOM: divine lightning
 11691 | D:9      | XOM: scenery: create altars
 11707 | D:9      | XOM: harmless Tloc miscast
 11857 | D:9      | Noticed a fire dragon
 11860 | D:9      | XOM: cast spell 'Summon Butterflies'
 11861 | D:9      | Noticed a centaur warrior
 11862 | D:9      | Noticed a two-headed ogre
 12171 | D:8      | XOM: cast spell 'Summon Ice Beast'
 12174 | D:8      | Reached XP level 11. HP: 45/81 MP: 23/23
 12298 | D:8      | XOM: noise
 12338 | D:8      | XOM: mild Pois miscast
 12340 | D:8      | XOM: butterfly on damage
 12341 | D:8      | Mangled by a spiny frog

Vault maps used:
D:1:      dpeg_arrival_arbitrary_a, minmay_statues_item,
          minmay_misc_feat_square, hangedman_decor_clover_reticule,
          minmay_misc_feat_more_columns, minmay_tripent
D:2:      minmay_diamond_boxcup
D:3:      first_bread, chequers_ecumenical_altar_grove
D:4:      grunt_temple_overflow_cloverleaf, temple_green, minivault_24,
          uniq_grinder, uniq_eustachio
D:5:      grunt_dithmenos_smoke, old_standard_altar,
          chequers_temple_overflow_statue_of_worship
D:6:      grunt_temple_overflow_order_and_chaos_2,
          nicolae_ru_great_annihilating_truth, uniq_crazy_yiuf_cottage
D:7:      minmay_guarded_unrand_staff_of_olgreb
D:8:      lemuel_doored_altar, david_lair_generic
D:9:      hangedman_cross_cluster, trog_eyes_of_draining, uniq_erolcha
Temple:   eino_temple_lava
Lair:1:   kb_forest_paths

Skill      XL: |  1  2  3  4  5  6  7  8  9 10 |
---------------+-------------------------------+-----
Unarmed Combat | 3 4 5 6 |  6.3
Fighting       | 2 3 4 5 6 |  6.2
Transmutations | 2 5 7 8 |  8.6
Spellcasting   | 3 5 7 8 |  8.6
Dodging        | 4 6 |  6.5

Action                   |  1- 3 |  4- 6 |  7- 9 | 10-12 || total
-------------------------+-------+-------+-------+-------++-------
Melee: Unarmed           |    94 |   142 |   424 |   288 ||   948
       Headbutt          |     6 |    16 |    79 |    38 ||   139
       Kick              |     6 |    17 |   101 |    59 ||   183
       Punch             |     1 |     2 |    10 |     9 ||    22
 Cast: Beastly Appendage |     8 |    10 |    43 |    23 ||    84
Evoke: Wand              |       |       |     3 |    11 ||    14
  Use: Potion            |       |       |     2 |    10 ||    12
       Scroll            |       |       |       |    13 ||    13
 Stab: Sleeping          |     2 |     1 |     1 |       ||     4
       Distracted        |       |       |     3 |       ||     3
       Confused          |       |       |     3 |     2 ||     5
       Petrified         |       |       |     1 |       ||     1
       Paralysed         |       |       |     1 |       ||     1
  Eat: Chunk             |     2 |     8 |     6 |     4 ||    20
       Royal jelly       |       |     1 |     2 |       ||     3
       Fruit             |       |       |     2 |       ||     2
       Meat ration       |       |       |     1 |     2 ||     3
Armor: Robe              |    27 |    53 |   117 |    83 ||   280
Dodge: Dodged            |    60 |   107 |   198 |   183 ||   548

Table legend:
 A = Spawn XP
 B = Non-spawn XP
 C = Spawn XP percentage of total XP
 D = Spawn monster count
 E = Non-spawn monster count
 F = Spawn count percentage of total count
 G = Total turns spent on level
                    A         B        C        D         E        F      G
               +---------+---------+-------+---------+---------+-------+---------
         Total |       0 |   11070 |   0.0 |       0 |     201 |   0.0 | 12341
               +---------+---------+-------+---------+---------+-------+---------
           D:1 |       0 |      12 |   0.0 |       0 |       8 |   0.0 |  1071
           D:2 |       0 |      75 |   0.0 |       0 |      23 |   0.0 |   684
           D:3 |       0 |     340 |   0.0 |       0 |      24 |   0.0 |  1351
           D:4 |       0 |     991 |   0.0 |       0 |      19 |   0.0 |  1485
           D:5 |       0 |    1313 |   0.0 |       0 |      17 |   0.0 |  1497
           D:6 |       0 |    1513 |   0.0 |       0 |      31 |   0.0 |  1672
           D:7 |       0 |     929 |   0.0 |       0 |      25 |   0.0 |   708
           D:8 |       0 |    3708 |   0.0 |       0 |      39 |   0.0 |  2462
           D:9 |       0 |    2080 |   0.0 |       0 |      14 |   0.0 |  1198
        Lair:1 |       0 |     109 |   0.0 |       0 |       1 |   0.0 |   135
               +---------+---------+-------+---------+---------+-------+---------
